 Dungeon Crawl Stone Soup version 0.25-a0-292-gaa31f046c4 (webtiles) character file.

Game seed: 15101859013722378101, levelgen mode: classic

113 Borgoz the Covered (level 4, -19/29 HPs)
             Began as a Gargoyle Fighter on Dec 16, 2019.
             Was a Follower of Ashenzari.
             Demolished by an ogre
             ... wielding a +0 giant club
              (21 damage)
             ... on level 4 of the Dungeon.
             The game lasted 00:03:13 (2623 turns).

Borgoz the Covered (Gargoyle Fighter)               Turns: 2623, Time: 00:03:13

Health: -19/29     AC: 12    Str: 25    XL:     4   Next: 96%
Magic:  4/4        EV:  7    Int:  9    God:    Ashenzari [*.....]
Gold:   147        SH: 14    Dex:  9    Spells: 3/3 levels left

rFire    . . .     SeeInvis .   a - +0 flail (curse)
rCold    . . .     Gourm    .   c - +0 shield
rNeg     + . .     Faith    .   b - +0 scale mail
rPois    ∞         Spirit   .   w - +1 helmet
rElec    +         Reflect  +   (no cloak)
rCorr    .         Harm     .   (no gloves)
MR       .....                  (no boots)
Stlth    ..........             p - +5 amulet of reflection
HPRegen  0.09/turn              v - +5 ring of strength
MPRegen  0.09/turn              (no ring)

@: no status effects
A: negative energy resistance 1, electricity resistance, unbreathing,
petrification resistance, rot immunity, AC +3
a: Curse Item, Scrying, Renounce Religion


You were on level 4 of the Dungeon.
You worshipped Ashenzari.
Ashenzari was aware of your devotion.
You were not hungry.

You visited 1 branch of the dungeon, and saw 4 of its levels.

You collected 147 gold pieces.

Inventory:

Hand Weapons
 a - a cursed +0 flail (weapon)
Armour
 b - a +0 scale mail (worn)
 c - a +0 shield (worn)
 w - a +1 helmet (worn)
Jewellery
 p - a +5 amulet of reflection (around neck)
 v - a +5 ring of strength (left hand)
Wands
 x - a wand of random effects (18)
Scrolls
 e - a scroll of amnesia {unknown}
 g - 2 scrolls of noise {unknown}
 i - 2 scrolls of teleportation {unknown}
 k - 8 scrolls of identify {unknown}
 n - a scroll of fog {unknown}
 o - 2 scrolls of remove curse
 t - 2 scrolls of enchant armour {unknown}
Potions
 d - 2 potions of might
 h - a potion of magic {unknown}
 j - 3 potions of curing {unknown}
 l - 3 potions of heal wounds {unknown}
 q - a potion of degeneration {unknown}
 r - a potion of experience {unknown}
 u - a potion of flight {unknown}
Comestibles
 f - 7 rations
 m - a chunk of flesh


   Skills:
 + Level 4.0 Fighting
 * Level 3.4 Maces & Flails
 + Level 4.0 Armour
 + Level 3.9 Shields


You had 3 spell levels left.
You didn't know any spells.
Your spell library was empty.

Dungeon Overview and Level Annotations

Branches:
Dungeon (4/15)
 Temple: D:4-7

Altars:
Ashenzari
Sif Muna
Vehumet


Innate Abilities, Weirdness & Mutations

You are resistant to torment.
Your stone body is resilient. (AC +3)
You are immune to poison.
You resist negative energy. (rN+)
You are resistant to electric shocks. (rElec)
You can survive without breathing.
You are immune to petrification.
You are immune to rotting.


Message History

Press: ? - help, Shift-Dir - straight line, f - ogre
Aim: an ogre, wielding a +0 giant club You throw a throwing net.
The throwing net barely misses the ogre.
You block the ogre's attack.
You hit the ogre.
The ogre is moderately wounded.
You block the ogre's attack.
You closely miss the ogre.
The ogre is moderately wounded.
You block the ogre's attack.
You closely miss the ogre.
The ogre is moderately wounded.
The ogre hits you with a +0 giant club!
* * * LOW HITPOINT WARNING * * *
You sock the ogre!
The ogre is severely wounded.
The ogre hits you with a +0 giant club!!
Ouch! That really hurt!
You die...

## ##.#.##... .# ###.#
## .# .# .# ##+## .#
##...## .# ##.....## .##
##.......## ##
..####.........####...##
>....'.........'@Oa...(#
..####.........####...##
.## ##.......## ## ##
##.....## # ##...## #
##+## # # #


You could see an ogre and a worker ant.

Vanquished Creatures
  4 gnolls (D:3)
  A worm (D:2)
  A dart slug (D:2)
  A leopard gecko (D:4)
  4 orcs (D:3)
  2 giant cockroaches
  5 hobgoblins (D:3)
  7 jackals
  2 quokkas
  A ball python (D:2)
  7 bats
  6 frilled lizards
  10 goblins
  4 kobolds
  7 rats
62 creatures vanquished.

Notes
Turn   | Place    | Note
-------+----------+-------------------------------------------
     0 | D:1      | Borgoz the Gargoyle Fighter began the quest for the Orb.
     0 | D:1      | Reached XP level 1. HP: 14/14 MP: 1/1
   385 | D:1      | Reached XP level 2. HP: 19/19 MP: 2/2
   455 | D:1      | Found a shattered altar of Ashenzari.
   464 | D:1      | Became a worshipper of Ashenzari the Shackled
   869 | D:2      | Reached XP level 3. HP: 23/23 MP: 3/3
  1526 | D:3      | Reached XP level 4. HP: 28/29 MP: 4/4
  1785 | D:3      | Found a radiant altar of Vehumet.
  2038 | D:3      | Reached * piety under Ashenzari
  2197 | D:3      | Found a shimmering blue altar of Sif Muna.
  2616 | D:4      | Noticed an ogre
  2623 | D:4      | Demolished by an ogre

Levels and vault maps discovered:
D:1:      eino_arrival_cavern_b, layout_rooms, serial_bayou_pond_d,
          evilmike_ruin_ashenzari
D:2:      minmay_recursive_quarters, layout_basic, first_ration, st_stairs_5,
          hex_intersection, grunt_decor_cap, minmay_misc_feat_rugged,
          minivault_25, kennysheep_another_room
D:3:      layout_loops_ring, nicolae_overflow_hidden_temple,
          lemuel_blue_sif_altar
D:4:      layout_loops_corners, uniq_eustachio, uniq_pikel

Skill      XL: |  1  2  3  4 |
---------------+-------------+-----
Maces & Flails | 3 |  3.4
Armour         | 4 |  4.0
Fighting       | 4 |  4.0
Shields        | |  3.9

Action                   |  1- 3 |  4- 6 || total
-------------------------+-------+-------++-------
Melee: Flail             |   156 |   107 ||   263
Throw: Throwing net      |       |     1 ||     1
Invok: Curse Item        |     1 |       ||     1
  Eat: Chunk             |     2 |     4 ||     6
Armor: Scale mail        |    86 |    28 ||   114
Dodge: Dodged            |    56 |    23 ||    79
Block: Shield            |    92 |    69 ||   161

Table legend:
 A = Non-vault XP
 B = Vault XP
 C = Vault XP percentage of total XP
 D = Non-vault monster count
 E = Vault monster count
 F = Vault count percentage of total count
                 A         B        C        D         E       F
            +---------+---------+-------+---------+---------+-------
      Total |     146 |      16 |   9.9 |      55 |       7 |  11.3
            +---------+---------+-------+---------+---------+-------
        D:1 |      29 |       0 |   0.0 |      18 |       0 |   0.0
        D:2 |      12 |      16 |  57.1 |       8 |       7 |  46.7
        D:3 |      99 |       0 |   0.0 |      26 |       0 |   0.0
        D:4 |       6 |       0 |   0.0 |       3 |       0 |   0.0
            +---------+---------+-------+---------+---------+-------
